 Dungeon Crawl Stone Soup version 0.25-a0-2-g6559c6c67a (webtiles) character file.

Game seed: 15209754009256922010, levelgen mode: deterministic

49 Ablot the Charmwright (level 3, -7/31 HPs)
             Began as a Gnoll Skald on Oct 14, 2019.
             Mangled by Sigmund
             ... wielding a +0 scythe
              (12 damage)
             ... on level 2 of the Dungeon.
             The game lasted 00:02:03 (752 turns).

Ablot the Charmwright (Gnoll Skald)                  Turns: 752, Time: 00:02:04

Health: -7/31      AC:  4    Str: 14    XL:     3   Next: 75%
Magic:  2/9        EV: 14    Int: 15    God:
Gold:   59         SH:  0    Dex: 14    Spells: 1/12 levels left

rFire    . . .     SeeInvis .   a - +0 spear
rCold    . . .     Gourm    .   (no shield)
rNeg     . . .     Faith    .   b - +0 leather armour
rPois    .         Spirit   .   (no helmet)
rElec    .         Reflect  .   (no cloak)
rCorr    .         Harm     .   (no gloves)
MR       .....                  f - +0 pair of boots
Stlth    ++........             (no amulet)
HPRegen  0.10/turn              n - ring of stealth
MPRegen  0.11/turn              (no ring)

@: confused, shrouded
A: distributed training, fangs 1, strong nose
a: no special abilities


You were on level 2 of the Dungeon.
You were not hungry.

You visited 1 branch of the dungeon, and saw 2 of its levels.

You collected 59 gold pieces.

Inventory:

Hand Weapons
 a - a +0 spear (weapon)
 p - a +0 hunting sling of velocity
Missiles
 g - 52 arrows
 k - 57 stones (quivered)
 m - 7 javelins
 r - 5 curare-tipped darts
Armour
 b - a +0 leather armour (worn)
 f - a +0 pair of boots (worn)
Jewellery
 n - a ring of stealth (left hand)
 q - an uncursed amulet of regeneration {unknown}
Scrolls
 h - a scroll of immolation {unknown}
 j - a scroll of amnesia {unknown}
 l - a scroll of magic mapping {unknown}
 s - a scroll of remove curse {unknown}
Potions
 e - 2 potions of berserk rage {unknown}
 i - a potion of haste {unknown}
 o - a potion of heal wounds {unknown}
Comestibles
 c - 2 chunks of flesh
 d - a ration


   Skills:
 + Level 4.5 Fighting
 + Level 0.9 Short Blades
 + Level 0.9 Long Blades
 + Level 0.9 Axes
 + Level 0.9 Maces & Flails
 + Level 4.5 Polearms
 + Level 0.9 Staves
 + Level 0.9 Slings
 + Level 0.9 Bows
 + Level 0.9 Crossbows
 + Level 0.9 Throwing
 + Level 2.6 Armour
 + Level 4.5 Dodging
 + Level 0.9 Stealth
 + Level 0.9 Shields
 + Level 0.9 Unarmed Combat
 + Level 5.0 Spellcasting
 + Level 0.6 Conjurations
 + Level 0.6 Hexes
 + Level 5.4 Charms
 + Level 0.6 Summonings
 + Level 0.6 Necromancy
 + Level 0.6 Translocations
 + Level 0.6 Transmutations
 + Level 0.6 Fire Magic
 + Level 0.6 Ice Magic
 + Level 0.6 Air Magic
 + Level 0.6 Earth Magic
 + Level 0.6 Poison Magic
 + Level 1.0 Invocations
 + Level 0.9 Evocations


You had one spell level left.
You knew the following spells:

 Your Spells              Type           Power        Failure   Level  Hunger
a - Infusion              Chrm           ###.         2%          1    None
b - Song of Slaying       Chrm           ###.....     3%          2    ##.....
c - Shroud of Golubria    Chrm/Tloc      ##....       9%          2    ##.....
d - Regeneration          Chrm/Necr      ##........   17%         3    ###....
e - Spectral Weapon       Hex/Chrm       ##......     17%         3    ###....

Your spell library contained the following spells:

 Spells                   Type           Power        Failure   Level  Hunger


Dungeon Overview and Level Annotations

Branches:
Dungeon (2/15)

Altars:
Nemelex Xobeh
Wu Jian

Annotations:
D:2 Sigmund


Innate Abilities, Weirdness & Mutations

Your experience applies equally to all skills.
You have very sharp teeth.
Your uncanny sense of smell can sniff out nearby items.


Message History

Your skin crawls.
Something hits you but does no damage.
Unknown command.
You miss something. Something hits you.
* * * LOW HITPOINT WARNING * * *
You hit something. You miss something.
Your skin is crawling a little less now.
Something hits you but does no damage.
You closely miss something. You miss something.
You hear some strange, mumbled words.
You are confused.
You bump into the rock wall.
Something hits you but does no damage.
You hit something. Something hits you!
* * * LOW HITPOINT WARNING * * *
You miss something.
You bump into the rock wall.
Your skin stops crawling.
Something hits you!
You die...

....##.# ..#.##.#
#.#.##.######
#.#.##.......
######.#..#..#####
#......#.....#.
#.##............#
#.##.###..#.#####
#@##...#......
#{####.###..###
#..÷{......>#
.#######)###### ∆
.....(..........
................
#...............
#............$..
#.....h.........


There were no monsters in sight!

Vanquished Creatures
  2 adders (D:2)
  A leopard gecko (D:1)
  A bat (D:2)
  A giant cockroach (D:2)
  3 hobgoblins
  6 jackals
  3 frilled lizards
  6 goblins
  2 kobolds
  2 rats (D:1)
27 creatures vanquished.

Notes
Turn   | Place    | Note
-------+----------+-------------------------------------------
     0 | D:1      | Ablot the Gnoll Skald began the quest for the Orb.
     0 | D:1      | Reached XP level 1. HP: 20/20 MP: 6/6
   166 | D:1      | Reached XP level 2. HP: 26/26 MP: 7/7
   172 | D:1      | Learned a level 2 spell: Song of Slaying
   175 | D:1      | Learned a level 2 spell: Shroud of Golubria
   507 | D:2      | Reached XP level 3. HP: 22/31 MP: 9/9
   512 | D:2      | Learned a level 3 spell: Regeneration
   516 | D:2      | Learned a level 3 spell: Spectral Weapon
   526 | D:2      | Reached skill level 5 in Spellcasting
   592 | D:2      | Found an ornate altar of the Wu Jian Council.
   648 | D:2      | Found a sparkling altar of Nemelex Xobeh.
   675 | D:2      | Reached skill level 1 in Invocations
   698 | D:2      | Noticed Sigmund
   752 | D:2      | Mangled by Sigmund

Levels and vault maps discovered:
D:1:      saegor_arrival_miasma, layout_basic, glass_columns_a
D:2:      layout_basic, lemuel_crystal_altar, lemuel_crystal_altar,
          minmay_tromino_i4, uniq_sigmund

Skill      XL: |  1  2  3 |
---------------+----------+-----
Spellcasting   | 5 |  5.0
Invocations    | 1 |  1.0
Fighting       | |  4.5
Short Blades   | |  0.9
Long Blades    | |  0.9
Axes           | |  0.9
Maces & Flails | |  0.9
Polearms       | |  4.5
Staves         | |  0.9
Slings         | |  0.9
Bows           | |  0.9
Crossbows      | |  0.9
Throwing       | |  0.9
Armour         | |  2.6
Dodging        | |  4.5
Stealth        | |  0.9
Shields        | |  0.9
Unarmed Combat | |  0.9
Conjurations   | |  0.6
Hexes          | |  0.6
Charms         | |  5.4
Summonings     | |  0.6
Necromancy     | |  0.6
Translocations | |  0.6
Transmutations | |  0.6
Fire Magic     | |  0.6
Ice Magic      | |  0.6
Air Magic      | |  0.6
Earth Magic    | |  0.6
Poison Magic   | |  0.6
Evocations     | |  0.9

Action                   || total
-------------------------++-------
Melee: Spear             ||   109
       Bite              ||     6
 Cast: Shroud of Golubri ||     5
       Song of Slaying   ||     2
       Infusion          ||     2
       Regeneration      ||     1
 Stab: Sleeping          ||     4
Armor: Leather armour    ||    15
Dodge: Dodged            ||    45

Table legend:
 A = Non-vault XP
 B = Vault XP
 C = Vault XP percentage of total XP
 D = Non-vault monster count
 E = Vault monster count
 F = Vault count percentage of total count
                 A         B        C        D         E       F
            +---------+---------+-------+---------+---------+-------
      Total |      70 |       0 |   0.0 |      27 |       0 |   0.0
            +---------+---------+-------+---------+---------+-------
        D:1 |      24 |       0 |   0.0 |      14 |       0 |   0.0
        D:2 |      46 |       0 |   0.0 |      13 |       0 |   0.0
            +---------+---------+-------+---------+---------+-------
